Map: King's Cove LE

Players

hinO

  • Race: Zerg Zerg
  • Spawn Location: 11:00

SKillous - Winner!

  • Race: Protoss Protoss
  • Spawn Location: 5:00

Event: 2019 WCS Spring

VOD

Have the link to the VOD?

Description

Time

  • Played on: May 17, 2019, 6:40 a.m.
  • Length: 7:31

All games in this series

Show
View Real Time Build Order
Export as new Build Order

hinO Zerg 

Build Orders: Hatch First 

Get SALT Encoding   

  12  0:00  Drone  
  13  0:15  Overlord  
  13  0:18  Drone  
  14  0:33  Drone x2  
  16  0:51  Hatchery  
  16  0:54  Drone  
  16  0:58  Drone  
  16  1:01  Drone  
  18  1:11  Extractor  
  18  1:17  Spawning Pool  
  16  1:20  Drone  
  16  1:23  Drone  
  18  1:31  Drone  
  19  1:42  Overlord  
  19  2:03  Queen  
  19  2:04  Zergling x2  
  19  2:05  Zergling x4  
  19  2:07  Queen  
  26  2:13  Metabolic Boost  
  26  2:18  Zergling x2  
  27  2:28  Zergling x6  
  30  2:35  Zergling x2  
  31  2:42  Baneling Nest  
  31  2:43  Zergling x2  
  31  2:47  Zergling x2  
  31  2:49  Zergling x2  
  33  2:56  Overlord  
  33  2:59  Zergling x2  
  34  3:07  Zergling x2  
  34  3:09  Zergling x2  
  36  3:15  Overlord  
  35  3:20  Zergling x2  
  35  3:27  Zergling x4  
  36  3:32  Zergling x4  
  37  3:34  Baneling x2  
  37  3:36  Baneling  
  37  3:41  Baneling x2  
  37  3:45  Zergling x2  
  34  3:58  Zergling x8  
  37  4:05  Zergling x4  
  37  4:07  Baneling  
  39  4:14  Zergling x4  
  36  4:29  Zergling x8  
  39  4:33  Drone  
  39  4:38  Drone  
  39  4:40  Drone  
  39  4:42  Drone  
  39  4:45  Drone  
  42  4:49  Drone  
  43  4:55  Drone x2  
  43  4:59  Drone  
  46  5:04  Overlord  
  46  5:11  Lair  
  46  5:15  Extractor  
  46  5:16  Extractor  
  46  5:18  Extractor, Drone  
  44  5:21  Drone  
  44  5:23  Drone  
  44  5:26  Baneling x2  
  44  5:27  Baneling  
  45  5:29  Baneling  
  45  5:30  Baneling  
  45  5:31  Baneling  
  45  5:35  Drone  
  46  5:40  Drone x2  
  48  5:43  Drone  
  48  5:45  Drone  
  48  5:49  Drone  
  51  5:54  Drone  
  51  6:02  Drone x2  
  53  6:05  Drone x2  
  55  6:14  Spire  
  55  6:16  Drone  
  55  6:29  Zergling x10  
  55  6:33  Drone x2  
  55  6:36  Overlord  
  51  6:42  Overlord  
Show
View Real Time Build Order
Export as new Build Order

SKillous Protoss - Winner!

Build Orders: 1 Gate Expand 

Get SALT Encoding   

  12  0:00  Probe  
  13  0:13  Probe  
  14  0:19  Pylon  
  14  0:25  Probe  
  15  0:33  Probe  
  15  0:40  Gateway  
  15  0:41  Probe  
  16  0:47  Assimilator  
  17  0:51  Probe  
  18  1:04  Probe  
  19  1:16  Probe  
  20  1:26  Nexus  
  20  1:37  Cybernetics Core  
  20  1:39  Probe  
  21  1:46  Assimilator  
  21  1:51  Probe  
  22  1:56  Pylon  
  22  2:06  Sentry, Probe  
  23  2:15  Warp Gate  
  25  2:18  Probe  
  25  2:22  Stalker  
  26  2:30  Probe  
  26  2:34  Probe  
  29  2:41  Robotics Facility  
  29  2:42  Probe x2  
  31  2:51  Adept  
  32  2:52  Probe  
  32  2:54  Probe  
  36  3:04  Probe  
  37  3:06  Probe  
  37  3:10  Gateway  
  38  3:17  Probe  
  38  3:18  Probe  
  40  3:25  Gateway  
  40  3:31  Shield Battery x2  
  39  3:37  Immortal  
  39  3:39  Gateway  
  38  3:42  Pylon  
  38  3:45  Shield Battery  
  30  4:04  Adept  
  29  4:11  Probe x2  
  20  4:19  Gateway  
  20  4:22  Sentry  
  20  4:25  Sentry  
  22  4:33  Probe  
  22  4:34  Gateway  
  22  4:37  Probe  
  24  4:41  Probe  
  25  4:46  Probe  
  25  4:49  Sentry  
  25  4:50  Probe  
  28  4:54  Probe  
  30  5:02  Probe  
  30  5:03  Probe  
  32  5:13  Probe  
  32  5:14  Gateway  
  32  5:16  Adept  
  32  5:19  Probe  
  36  5:21  Probe  
  36  5:25  Sentry  
  39  5:29  Probe  
  39  5:31  Probe  
  39  5:35  Warp Prism  
  43  5:58  Gateway x2  
  43  6:00  Sentry  
  43  6:03  Sentry  
  47  6:09  Probe  
  47  6:10  Probe  
  49  6:20  Gateway  
  49  6:30  Adept x2  
  53  6:36  Pylon  
  53  6:38  Pylon  
  53  6:43  Probe  
  55  6:56  Adept x3  
  55  6:57  Adept  
  55  6:59  Adept  
  64  7:03  Pylon  
  64  7:11  Pylon  
  64  7:22  Adept x4  
Tags
 
Add a new tag
Caveats
  • Supply blocks, unpowered buildings, or Contaminate may cause inaccurate times.
  • Supply counts are checked every 10 seconds.